 Dungeon Crawl Stone Soup version 0.30.1-1-g62c8e00024 (webtiles) character file.

Game seed: 13109075709429745106

2457 DwarfAlpaca the Destroyer (level 9, -6/40 HPs)
             Began as a Tengu Conjurer on July 15, 2023.
             Was a Follower of Hepliaklqana.
             Mangled by Joseph
             ... wielding a +0 quarterstaff
              (29 damage)
             ... on level 7 of the Dungeon.
             The game lasted 00:30:02 (7655 turns).

DwarfAlpaca the Destroyer (Tengu Conjurer)          Turns: 7655, Time: 00:30:06

Health: -6/40      AC:  3    Str:  7    XL:     9   Next: 50%
Magic:  6/22       EV: 14    Int: 24    God:    Hepliaklqana [*.....]
Gold:   451        SH:  0    Dex: 12    Spells: 9/24 levels left

rFire   . . .        w - staff of air
rCold   + . .        (no shield)
rNeg    . . .        H - +0 robe of Chimes {rC+}
rPois   .            (helmet restricted)
rElec   +            (no cloak)
rCorr   .            l - +0 pair of gloves
SInv    .            (boots unavailable)
Will    .....        C - amulet of the acrobat
Stlth   ++           t - ring of wizardry
HPRegen 0.26/turn    y - +4 ring of slaying
MPRegen 0.18/turn

%: acrobat, wizardry (x1)
@: flying quickly and evasively, quick
A: reduced essence, beak, talons 3, nimble flight
a: Renounce Religion, Recall Ancestor, Ancestor Identity


You were on level 7 of the Dungeon.
You worshipped Hepliaklqana.
Hepliaklqana was aware of your devotion.
You visited 2 branches of the dungeon, and saw 8 of its levels.

You collected 451 gold pieces.

Inventory:

Missiles
 a - 2 throwing nets (quivered)
Armour
 l - a +0 pair of gloves (worn)
 H - the +0 robe of Chimes (worn) {rC+}
   (You found it on level 6 of the Dungeon)

   rC:        It protects you from cold.
Magical Staves
 w - a staff of air (weapon)
Jewellery
 t - a ring of wizardry (left hand)
 y - a +4 ring of slaying (right hand)
 C - an amulet of the acrobat (around neck)
Wands
 h - a wand of polymorph (11)
 z - a wand of iceblast (6)
 B - a wand of acid (6)
 F - a wand of mindburst (14)
 G - a wand of paralysis (9)
Scrolls
 c - 2 scrolls of magic mapping {unknown}
 d - a scroll of summoning {unknown}
 e - 4 scrolls of teleportation
 f - 2 scrolls of noise {unknown}
 g - 2 scrolls of poison {unknown}
 i - 5 scrolls of vulnerability
 u - a scroll of torment {unknown}
 x - 6 scrolls of amnesia {unknown}
 A - a scroll of fog {unknown}
 D - a scroll of immolation {unknown}
 E - 2 scrolls of identify
Potions
 b - 3 potions of magic
 j - 7 potions of curing
 k - 3 potions of berserk rage
 m - a potion of attraction {unknown}
 n - 3 potions of degeneration {unknown}
 o - a potion of invisibility {unknown}
 p - 2 potions of mutation {unknown}
 q - 5 potions of heal wounds
 r - a potion of ambrosia {unknown}
 s - 2 potions of haste {unknown}
 v - a potion of might


   Skills:
 - Level 2.1 Dodging
 - Level 2.0 Stealth
 + Level 8.4 Spellcasting
 + Level 12.6 Conjurations


You had 9 spell levels left.
You knew the following spells:

 Your Spells              Type           Power      Damage    Failure   Level
a - Magic Dart            Conj           100%       1d8       1%          1
b - Searing Ray           Conj           100%       2d8       1%          2
c - Momentum Strike       Conj/Tloc      80%        3d10      1%          2
d - Fulminant Prism       Conj/Hex       20%        3d12      1%          4
e - Iskenderun's Mystic   Conj/Tloc      40%        2d9       1%          4
f - Blink                 Tloc           20%        N/A       4%          2

Your spell library contained the following spells:

 Spells                   Type           Power      Damage    Failure   Level
 Dazzling Flash           Conj/Hex       80%        N/A       1%          3
 Hailstorm                Conj/Ice       40%        3d10      1%          3
 Freeze                   Ice            40%        1d6       2%          1
 Lesser Beckoning         Tloc           20%        N/A       4%          2
 Frozen Ramparts          Ice            20%        1d4       8%          3


Dungeon Overview and Level Annotations

Branches:
Dungeon (7/15)             Temple (1/1) D:5

Altars:
Ashenzari
Cheibriados
Dithmenos
Elyvilon
Fedhas
Gozag
Hepliaklqana
Kikubaaqudgha
Makhleb
Okawaru
Qazlal
Uskayaw
Xom
Yredelemnul
Zin
The Shining One

Shops:
D:7 (

Annotations:
D:2 1 runed translucent door, Crazy Yiuf
D:7 Joseph


Innate Abilities, Weirdness & Mutations

Your life essence is reduced to manifest your ancestor. (-10% HP)
You have a beak for a mouth.
You have claws for feet.
Your magical nature lets you fly swiftly and evasively.


Message History

Confirm with . or Enter, or press ? or * to list all spells.
Aiming: Fulminant Prism (dangerous; 1% risk of failure)
Press: ? - help, Dir - move target You conjure a prism of explosive energy!
A fulminant prism comes into view.
Joseph drinks a potion.
Joseph seems to grow stronger.
Casting: Fulminant Prism (dangerous; 1% risk of failure)
Confirm with . or Enter, or press ? or * to list all spells.
Aiming: Magic Dart (safe; 1% risk of failure)
Press: ? - help, Shift-Dir - straight line, f - Joseph
Aim: Joseph, wielding a +0 sling and wearing a +0 ring mail (lightly wounded, strong, ally target, 100% to hit)
The magic dart hits Joseph.
Joseph is lightly wounded.
Your fulminant prism crackles loudly.
Casting: Magic Dart (safe; 1% risk of failure)
Confirm with . or Enter, or press ? or * to list all spells.
You erupt in a blast of force!
The mystic blast hits Joseph.
Joseph is lightly wounded.
Joseph is knocked back by the mystic blast.
Joseph slams into the rock wall!
Joseph is moderately wounded.
Zola avoids your attack.
Your fulminant prism explodes!
The blast of energy engulfs Joseph!!
Joseph is heavily wounded.
Joseph unwields a +0 sling.
Joseph wields a +0 quarterstaff.
Joseph barely misses you.
Casting: Iskenderun's Mystic Blast (dangerous; 1% risk of failure)
Confirm with . or Enter, or press ? or * to list all spells.
Aiming: Fulminant Prism (dangerous; 1% risk of failure)
Press: ? - help, Dir - move target, p - Joseph You conjure a prism of explosive energy!
A fulminant prism comes into view.
You hit Joseph but do no damage.
Joseph is heavily wounded.
Joseph hits you with a +0 quarterstaff!
Your fulminant prism crackles loudly.
Joseph hits you with a +0 quarterstaff!!
Ouch! That really hurt!
You die...

#.#.#####........#
#.#..R...###.....#
#.##..............
#.##..............
#.##..............
#.##########......
#.# #.....##.. #R#
#......... #@#
#.....∩...
#.@.*..++.........
####...##.........
#####.........
###.............
#...............
#...............
#...........#...
#......#...#....


You could see the friendly Zola the ancestor, Joseph (strong, ally target) and a
friendly fulminant prism.

Vanquished Creatures
  Pikel (D:7)
  Prince Ribbit (D:6)
  A steam dragon (D:6)
  A water moccasin (D:6)
  Duvessa (D:5)
  An ice beast (D:6)
  An ogre (D:3)
  2 phantoms
  A lemure (D:7)
  A bullfrog (D:7)
  4 scorpions
  4 wights (D:7)
  Dowan (D:5)
  2 hounds
  A jelly (D:6)
  3 iguanas
  A sleepcap (D:5)
  Terence (D:2)
  Robin (D:2)
  5 gnolls
  11 adders
  A white imp (D:6)
  An ufetubus (D:6)
  2 worms (D:2)
  4 dart slugs
  7 orcs
  12 ball pythons
  2 bats (D:1)
  5 endoplasms
  5 giant cockroaches
  14 goblins
  12 hobgoblins
  4 jackals
  3 quokkas (D:1)
  10 frilled lizards
  7 kobolds
  2 rats
136 creatures vanquished.

Vanquished Creatures (collateral kills)
  2 lemures (D:7)
  A bullfrog (D:7)
  An orc wizard (D:7)
  A gnoll (D:7)
5 creatures vanquished.

Vanquished Creatures (others)
  An ancestor (D:7)
  14 fulminant prisms
15 creatures vanquished.

Grand Total: 156 creatures vanquished

Notes
Turn   | Place    | Note
-------+----------+-------------------------------------------
     0 | D:1      | DwarfAlpaca the Tengu Conjurer began the quest for the Orb.
     0 | D:1      | Reached XP level 1. HP: 10/10 MP: 4/4
   161 | D:1      | Reached XP level 2. HP: 15/15 MP: 4/6
   189 | D:1      | Learned a level 2 spell: Searing Ray
   790 | D:2      | Noticed Robin
   803 | D:1      | Reached XP level 3. HP: 5/19 MP: 2/7
   884 | D:2      | Reached skill level 6 in Conjurations
   894 | D:2      | Noticed Terence
  1126 | D:2      | Killed Robin
  1374 | D:2      | Reached XP level 4. HP: 24/24 MP: 4/9
  1598 | D:2      | Found a blossoming altar of Fedhas.
  1621 | D:2      | Killed Terence
  1864 | D:2      | Found a runed translucent door.
  1865 | D:2      | Noticed Crazy Yiuf
  2196 | D:3      | Gained mutation: Your magical nature lets you fly swiftly
                  | and evasively. [Tengu growth]
  2196 | D:3      | Reached XP level 5. HP: 28/28 MP: 3/11
  2376 | D:3      | Reached skill level 7 in Conjurations
  2727 | D:3      | Noticed an ogre
  2761 | D:3      | Killed an ogre
  2762 | D:3      | Reached XP level 6. HP: 32/32 MP: 7/13
  3065 | D:4      | Learned a level 2 spell: Momentum Strike
  3070 | D:4      | Learned a level 4 spell: Fulminant Prism
  3328 | D:4      | Reached skill level 8 in Conjurations
  4264 | D:5      | Entered Level 5 of the Dungeon
  4264 | D:5      | Noticed Duvessa
  4264 | D:5      | Noticed Dowan
  4314 | D:5      | Killed Duvessa
  4315 | D:5      | Reached skill level 5 in Spellcasting
  4315 | D:5      | Reached XP level 7. HP: 28/36 MP: 6/15
  4513 | D:5      | Killed Dowan
  4702 | D:5      | Reached skill level 9 in Conjurations
  5082 | D:5      | Identified the +0 robe "Ickull" {+Blink Str+2 Int+3}
  5268 | D:5      | Found a staircase to the Ecumenical Temple.
  5296 | Temple   | Entered the Ecumenical Temple
  5318 | Temple   | Became a worshipper of Hepliaklqana the Forgotten
  5650 | D:6      | Noticed a steam dragon
  5778 | D:6      | Killed a steam dragon
  5779 | D:6      | Reached XP level 8. HP: 22/41 MP: 9/18
  5912 | D:6      | Noticed Prince Ribbit
  5928 | D:6      | Killed Prince Ribbit
  5929 | D:6      | Reached skill level 10 in Conjurations
  6102 | D:6      | Learned a level 4 spell: Iskenderun's Mystic Blast
  6109 | D:6      | Learned a level 2 spell: Blink
  6187 | D:6      | Reached skill level 11 in Conjurations
  6190 | D:6      | Identified the +0 robe of Chimes {rC+}
  6274 | D:6      | Found a shadowy altar of Dithmenos.
  6646 | D:7      | Reached XP level 9. HP: 45/45 MP: 8/21
  6780 | D:7      | Noticed Pikel
  6858 | D:7      | Identified the +5 flail of the Philosopher {antimagic, rC-
                  | Str+4}
  6882 | D:7      | Reached * piety under Hepliaklqana
  7100 | D:7      | Noticed Joseph
  7414 | D:7      | Reached skill level 12 in Conjurations
  7505 | D:7      | Found Mukkeloraneu's Antique Weapon Emporium.
  7588 | D:7      | Killed Pikel
  7655 | D:7      | Mangled by Joseph

Illustrated notes

Levels and vault maps discovered:
D:1:      dpeg_arrival_shrine, layout_rooms, grunt_decor_fettered,
          minmay_pentomino_z2
D:2:      layout_rooms, basic_altar, kennysheep_generic_room_9,
          uniq_crazy_yiuf_cottage, uniq_robin, uniq_terence
D:3:      minmay_thinvault, layout_rooms
D:4:      layout_basic
D:5:      layout_loops_ring, temple_doors_e, kennysheep_donut,
          hangedman_decor_growths, guppyfry_early_lair_pool, uniq_duvessa
D:6:      layout_cave_pools, grunt_dithmenos_shadows, uniq_prince_ribbit1
D:7:      layout_basic, serial_shops, shop, uniq_joseph, uniq_pikel
Temple:   nicolae_temple_bog_church

Skill      XL: |  1  2  3  4  5  6  7  8  9 |
---------------+----------------------------+-----
Conjurations   | 6 7 8 9 11 12 | 12.6
Spellcasting   | 3 4 5 6 7 8 |  8.4
Dodging        | |  2.1
Stealth        | |  2.0

Action                     |  1- 3 |  4- 6 |  7- 9 || total
---------------------------+-------+-------+-------++-------
  Melee: Dagger            |    14 |    61 |       ||    75
         Kick              |     2 |    14 |       ||    16
         Peck              |     1 |     5 |     1 ||     7
         Punch             |       |     2 |       ||     2
         Staff             |       |       |     5 ||     5
   Cast: Magic Dart        |    52 |    41 |    68 ||   161
         Searing Ray       |     3 |    17 |    24 ||    44
         Momentum Strike   |       |     1 |     4 ||     5
         Fulminant Prism   |       |       |    15 ||    15
         Iskenderun's Myst |       |       |     1 ||     1
    Use: Scroll            |       |     2 |     4 ||     6
   Stab: Sleeping          |       |     2 |     1 ||     3
 Armour: Robe              |    10 |    12 |     2 ||    24
  Dodge: Dodged            |    27 |    46 |    20 ||    93
